 Dungeon Crawl Stone Soup version 0.22.1-5-g62c59d919a (webtiles) character file.

763 Vaskeran the Poker (level 7, 0/94 HPs)
             Began as a Minotaur Berserker on Jan 9, 2019.
             Was a Priest of Trog.
             Slain by an orc warrior
             ... wielding a +0 glaive
              (4 damage)
             ... on level 6 of the Dungeon on Jan 10, 2019.
             The game lasted 00:18:18 (5458 turns).

Vaskeran the Poker (Minotaur Berserker)             Turns: 5458, Time: 00:18:18

Health: 0/94       AC: 23    Str: 22    XL:     7   Next: 51%
Magic:  6/6        EV:  2    Int:  4    God:    Trog [***...]
Gold:   202        SH:  0    Dex: 11    Spells: 6/6 levels left

rFire    x . .     SeeInvis .   u - +0 trident
rCold    + . .     Gourm    .   (no shield)
rNeg     + + +     Faith    .   (armour currently unavailable)
rPois    +         Spirit   .   (helmet currently unavailable)
rElec    .         Reflect  .   (cloak currently unavailable)
rCorr    .         Harm     .   (gloves currently unavailable)
MR       .....     NoTele   +   (boots currently unavailable)
Stlth    +.........             (no amulet)
HPRegen  0.25/turn              g - ring of ice
MPRegen  0.10/turn              (no ring)

@: tree-form, berserk cooldown, starving, slowed, very slow
A: (retaliatory headbutt)
a: Berserk, Trog's Hand, Renounce Religion


You were on level 6 of the Dungeon.
You worshipped Trog.
Trog was most pleased with you.
You were starving.
You were a tree.
You visited 1 branch of the dungeon, and saw 6 of its levels.

You collected 262 gold pieces.
You spent 60 gold pieces at shops.

Inventory:

Hand Weapons
 u - a +0 trident (weapon)
Armour
 b - a +1 plate armour (melded)
 p - a +0 chain mail of poison resistance
Jewellery
 g - a ring of ice (left branch)
Wands
 t - a wand of flame (25)
Scrolls
 a - a scroll of enchant armour
 e - a scroll of noise {unknown}
 i - 3 scrolls of identify
 j - 3 scrolls of amnesia
 l - a scroll of fear {unknown}
 o - 2 scrolls of fog
 q - 2 scrolls of teleportation
 v - a scroll of remove curse {unknown}
Potions
 d - 3 potions of lignification
 f - a potion of invisibility {unknown}
 h - a potion of cancellation {unknown}
 k - 4 potions of curing
 m - a potion of might
 n - a potion of flight {unknown}
 s - a potion of agility {unknown}
 w - a potion of ambrosia {unknown}
Comestibles
 c - 9 rations


   Skills:
 + Level 6.0 Fighting
 + Level 7.9 Polearms
 + Level 5.0 Armour
 + Level 3.1 Dodging
 + Level 0.9 Stealth


You had 6 spell levels left.
You didn't know any spells.
Your spell library was empty.

Dungeon Overview and Level Annotations

Branches:
Dungeon (6/15)             Temple (0/1) D:5

Altars:
Makhleb
Okawaru
Qazlal
Trog
Vehumet
Wu Jian

Shops:
D:5 !

Annotations:
D:6 Eustachio


Innate Abilities, Weirdness & Mutations

((You reflexively headbutt those who attack you in melee.))
((You have a pair of horns on your head.))


Message History

You barely miss Eustachio.
The orc warrior hits you from afar with a glaive.
* * * LOW HITPOINT WARNING * * *
The shadow imp hits you but does no damage.
Eustachio hits you but does no damage.
The iron imp picks up a beetle and eats it.
You hit Eustachio but do no damage.
The shadow imp hits you but does no damage.
The orc warrior hits you but does no damage.
Eustachio casts a spell.
The phantom blinks!
The shadow imp hits you but does no damage.
You miss Eustachio. Eustachio hits you but does no damage.
The orc warrior hits you from afar with a glaive!
* * * LOW HITPOINT WARNING * * *
The shadow imp hits you but does no damage.
Eustachio hits you but does no damage.
You barely miss Eustachio.
The orc warrior hits you from afar with a glaive.
You die...

.# .#.....#.#
>.#.... .#
#......#.# #.###.#
## #.....#.#### #.#
#.#
#..........###.###.#
#######.##....(....#
#.######.##### #.#
#.# .W.########)#
#.# #.<..5@♣5o..#
#.# #.###########
#.# #.# #.# #.#


You could see Eustachio, a phantom, an orc warrior, an iron imp and a shadow
imp.

Vanquished Creatures
  A sky beast (D:6)
  An ogre (D:5)
  A centaur (D:5)
  A scorpion (D:4)
  2 crimson imps
  A jelly (D:6)
  2 orc wizards
  A centaur skeleton (D:5)
  An iguana (D:4)
  3 worker ants
  6 adders
  An adder zombie (D:1)
  6 worms
  A dart slug (D:3)
  A leopard gecko (D:1)
  18 orcs
  2 ball pythons
  2 giant cockroaches
  10 goblins
  6 hobgoblins
  2 jackals (D:1)
  2 quokkas
  9 bats
  6 frilled lizards
  A giant cockroach zombie (D:1)
  10 kobolds
  8 rats
105 creatures vanquished.

Notes
Turn   | Place    | Note
-------+----------+-------------------------------------------
     0 | D:1      | Vaskeran the Minotaur Berserker began the quest for the
                  | Orb.
     0 | D:1      | Reached XP level 1. HP: 19/19 MP: 0/0
   203 | D:1      | Reached XP level 2. HP: 27/27 MP: 1/1
   217 | D:1      | Reached skill level 4 in Polearms
   432 | D:1      | Reached ** piety under Trog
   699 | D:1      | Reached XP level 3. HP: 32/33 MP: 2/2
  1461 | D:2      | Reached XP level 4. HP: 25/41 MP: 3/3
  1767 | D:2      | Reached skill level 5 in Polearms
  2468 | D:3      | Reached XP level 5. HP: 47/47 MP: 4/4
  2562 | D:3      | Reached skill level 5 in Fighting
  2731 | D:3      | Found a radiant altar of Vehumet.
  2739 | D:3      | Reached *** piety under Trog
  2741 | D:3      | Found a bloodstained altar of Trog.
  2741 | D:3      | Found a stormy altar of Qazlal.
  2913 | D:3      | Found an iron altar of Okawaru.
  3241 | D:3      | Found a burning altar of Makhleb.
  3448 | D:4      | Reached skill level 6 in Polearms
  3570 | D:4      | Reached XP level 6. HP: 50/56 MP: 5/5
  4159 | D:5      | Entered Level 5 of the Dungeon
  4275 | D:5      | Found an ornate altar of the Wu Jian Council.
  4413 | D:5      | Reached skill level 7 in Polearms
  4418 | D:5      | Found Booqah's Distillery.
  4425 | D:5      | Bought a potion of curing for 30 gold pieces
  4425 | D:5      | Bought a potion of curing for 30 gold pieces
  4451 | D:5      | Found a staircase to the Ecumenical Temple.
  4462 | D:5      | Reached XP level 7. HP: 54/62 MP: 6/6
  5427 | D:6      | Noticed Eustachio
  5436 | D:6      | Reached skill level 5 in Armour
  5457 | D:6      | HP: 4/94 [orc warrior/glaive (15)]
  5458 | D:6      | Slain by an orc warrior

Skill      XL: |  1  2  3  4  5  6  7 |
---------------+----------------------+-----
Fighting       | 4 5 6 |  6.0
Polearms       | 4 5 6 7 |  7.9
Armour         | 3 4 5 |  5.0
Dodging        | 3 |  3.1
Stealth        | |  0.9

Action                   |  1- 3 |  4- 6 |  7- 9 || total
-------------------------+-------+-------+-------++-------
Melee: Spear             |    97 |   177 |       ||   274
       Headbutt          |     8 |    42 |    16 ||    66
       Trident           |       |    68 |    68 ||   136
Invok: Berserk           |       |       |     1 ||     1
  Use: Scroll            |       |     3 |     4 ||     7
       Potion            |       |     1 |     1 ||     2
  Eat: Chunk             |     2 |     8 |       ||    10
       Ration            |       |     1 |       ||     1
Armor: Animal skin       |     6 |       |       ||     6
       Leather armour    |     7 |       |       ||     7
       Scale mail        |       |    38 |       ||    38
       Plate armour      |       |    20 |    30 ||    50
       Skin              |       |       |    12 ||    12
Dodge: Dodged            |    45 |    46 |    15 ||   106
